 Dungeon Crawl Stone Soup version 0.25.1-2-g60ff931df9 (webtiles) character file.

Game seed: 9203271187127485347

49 H0rd4k the Magician (level 3, 0/19 HPs)
             Began as a Deep Elf Wizard on Nov 10, 2020.
             Slain by a hobgoblin
             ... wielding a +0 club
              (3 damage)
             ... on level 2 of the Dungeon.
             The game lasted 00:04:23 (1357 turns).

H0rd4k the Magician (Deep Elf Wizard)               Turns: 1357, Time: 00:04:23

Health: 0/19       AC:  2    Str:  4    XL:     3   Next: 51%
Magic:  0/11       EV: 13    Int: 23    God:
Gold:   23         SH:  0    Dex: 13    Spells: 3/12 levels left

rFire    . . .     SeeInvis .   (no weapon)
rCold    . . .     Gourm    .   (no shield)
rNeg     . . .     Faith    .   a - +0 robe
rPois    .         Spirit   .   b - +0 hat
rElec    .         Reflect  .   (no cloak)
rCorr    .         Harm     .   (no gloves)
MR       .....                  (no boots)
Stlth    ++........             (no amulet)
HPRegen  0.06/turn              (no ring)
MPRegen  0.12/turn              (no ring)

@: lethally poisoned (0 -> -3), very slightly contaminated
A: no striking features
a: no special abilities


You were on level 2 of the Dungeon.
You were not hungry.

You visited 1 branch of the dungeon, and saw 2 of its levels.

You collected 23 gold pieces.

Inventory:

Armour
 a - a +0 robe (worn)
 b - a +0 hat (worn)
Scrolls
 e - 5 scrolls of identify {unknown}
 f - 2 scrolls of remove curse {unknown}
 g - a scroll of teleportation {unknown}
 h - 2 scrolls of amnesia {unknown}
 j - 3 scrolls of noise {unknown}
 l - a scroll of immolation {unknown}
Potions
 i - a potion of ambrosia {unknown}
 k - 2 potions of curing {unknown}
 m - 2 potions of brilliance {unknown}
Comestibles
 c - 3 chunks of flesh
 d - 3 rations


   Skills:
 + Level 3.0 Dodging
 + Level 3.1 Stealth
 + Level 5.4 Spellcasting
 + Level 1.3 Conjurations
   Level 1.1 Summonings
 + Level 1.1 Translocations
 * Level 0.1 Fire Magic
 * Level 0.1 Air Magic
 * Level 0.1 Poison Magic


You had 3 spell levels left.
You knew the following spells:

 Your Spells              Type           Power        Failure   Level  Hunger
a - Magic Dart            Conj           ##..         5%          1    None
b - Blink                 Tloc           N/A          9%          2    None
c - Conjure Flame         Conj/Fire      #.......     21%         3    ##.....
d - Mephitic Cloud        Conj/Pois/Air  #.......     22%         3    ##.....

Your spell library contained the following spells:

 Spells                   Type           Power        Failure   Level  Hunger
 Call Imp                 Summ           ##......     9%          2    None
 Slow                     Hex            #.......     14%         2    None


Dungeon Overview and Level Annotations

Branches:
Dungeon (2/15)

Altars:


Message History

Aim: a hobgoblin, wielding a +0 club The magic dart hits the hobgoblin.
The hobgoblin is severely wounded.
You feel sick.
Casting: Magic Dart (safe; 5% risk of failure)
Confirm with . or Enter, or press ? or * to list all spells.
You don't have enough magic to cast that spell.
Unknown command.
The hobgoblin closely misses you.
You feel sick.
There is a stone staircase leading up here.
Casting: Magic Dart (safe; 5% risk of failure)
Confirm with . or Enter, or press ? or * to list all spells.
Aiming: Magic Dart (safe; 5% risk of failure)
Press: ? - help, Shift-Dir - straight line, f/p - hobgoblin
Aim: a hobgoblin, wielding a +0 club (severely wounded)
The magic dart hits the hobgoblin but does no damage.
The hobgoblin is severely wounded.
The hobgoblin hits you with a +0 club.
You die...

.....#
#....#
#....
#.##...##
#.#....)#
#.#.....#
#.#.....#
#.#@g...#
#.##...##
##.#)....#
#....###.#
#..÷.# #.#
####....#
#.#
###.......#
#.†.$....
#.........#
#######+#
#.#.......#


You could see a hobgoblin.

Vanquished Creatures
  An adder (D:2)
  2 leopard geckos (D:1)
  3 ball pythons (D:1)
  2 giant cockroaches (D:1)
  2 goblins (D:1)
  5 hobgoblins
  4 jackals (D:1)
  4 bats (D:1)
  2 frilled lizards (D:1)
  3 kobolds
  6 rats
34 creatures vanquished.

Notes
Turn   | Place    | Note
-------+----------+-------------------------------------------
     0 | D:1      | H0rd4k the Deep Elf Wizard began the quest for the Orb.
     0 | D:1      | Reached XP level 1. HP: 10/10 MP: 7/7
   136 | D:1      | Reached XP level 2. HP: 15/15 MP: 0/9
   409 | D:1      | Reached skill level 5 in Spellcasting
   905 | D:1      | Reached XP level 3. HP: 19/19 MP: 6/11
  1257 | D:2      | Learned a level 2 spell: Blink
  1261 | D:2      | Learned a level 3 spell: Conjure Flame
  1265 | D:2      | Learned a level 3 spell: Mephitic Cloud
  1357 | D:2      | Slain by a hobgoblin

Illustrated notes

Levels and vault maps discovered:
D:1:      erik_arrival_blinker_ship, layout_basic
D:2:      layout_basic

Skill      XL: |  1  2 |
---------------+-------+-----
Spellcasting   | 5 |  5.4
Stealth        | 3 |  3.1
Dodging        | 3 |  3.0
Conjurations   | |  1.3
Summonings     | |  1.1
Translocations | |  1.1
Fire Magic     | |  0.1
Air Magic      | |  0.1
Poison Magic   | |  0.1

Action                   || total
-------------------------++-------
 Cast: Magic Dart        ||    79
  Eat: Chunk             ||     1
Armor: Robe              ||    23
Dodge: Dodged            ||    64
